Map: Goldenaura LE

Players

SubN

  • Race: Zerg Zerg
  • League: Diamond
  • Spawn Location: 5:00

CoaXeD - Winner!

  • Race: Terran Terran
  • League: Diamond
  • Spawn Location: 12:00

VOD

Have the link to the VOD?

Description

Time

  • Played on: Dec. 26, 2023, 9:57 p.m.
  • Length: 22:24
Show
View Real Time Build Order
Export as new Build Order

SubN Zerg 

Build Orders: Hatch First 

Get SALT Encoding   

  12  0:00  Drone  
  13  0:12  Overlord  
  13  0:17  Drone  
  14  0:30  Drone x2  
  16  0:49  Hatchery  
  15  0:52  Drone  
  15  0:55  Drone  
  17  0:59  Drone  
  17  1:01  Extractor  
  17  1:15  Spawning Pool  
  16  1:18  Drone  
  16  1:21  Drone  
  18  1:27  Drone  
  19  1:38  Overlord  
  19  1:49  Drone  
  20  2:02  Queen x2  
  20  2:04  Zergling x4  
  26  2:12  Metabolic Boost  
  26  2:17  Drone x2  
  27  2:38  Zergling x8  
  31  2:50  Overlord  
  31  2:52  Hatchery  
  30  2:58  Drone x2  
  30  2:59  Drone  
  30  3:03  Queen  
  35  3:10  Drone x2  
  37  3:16  Drone x3  
  40  3:20  Overlord  
  40  3:35  Drone x3  
  40  3:37  Overlord  
  40  3:41  Drone x2  
  45  3:43  Queen  
  45  3:46  Drone x3  
  50  3:56  Drone  
  50  3:57  Drone x4  
  54  4:12  Queen  
  54  4:15  Drone x5  
  61  4:17  Overlord  
  61  4:26  Drone x2  
  63  4:32  Extractor  
  63  4:34  Extractor  
  61  4:53  Spore Crawler  
  56  5:04  Drone x9  
  63  5:07  Spore Crawler  
  63  5:09  Spore Crawler  
  63  5:10  Lair  
  63  5:11  Drone x2  
  63  5:12  Drone  
  64  5:17  Queen  
  66  5:23  Overlord x2  
  65  5:35  Queen  
  65  5:41  Roach Warren  
  64  5:42  Overlord  
  64  5:43  Evolution Chamber  
  64  5:44  Drone x5, Evolution Chamber  
  67  5:51  Drone  
  67  5:52  Drone x3  
  67  5:56  Extractor  
  70  5:57  Extractor  
  70  5:58  Queen  
  70  6:00  Drone  
  72  6:07  Extractor  
  71  6:14  Drone  
  72  6:18  Zerg Missile Weapons Level 1  
  72  6:19  Zerg Ground Armor Level 1  
  72  6:20  Drone x3  
  72  6:21  Drone x3  
  76  6:57  Roach  
  76  6:58  Roach x7  
  89  7:06  Roach x2  
  89  7:11  Overseer  
  89  7:14  Overseer  
  89  7:16  Overseer  
  89  7:18  Glial Reconstitution  
  89  7:21  Drone  
  90  7:23  Overlord x2  
  90  7:35  Hatchery  
  89  7:39  Drone  
  89  7:40  Overlord x2  
  89  7:43  Ravager x2  
  89  7:44  Ravager x4  
  96  7:45  Zergling x2  
  96  7:50  Queen  
  99  7:51  Extractor  
  99  7:52  Hatchery  
  99  7:53  Extractor  
  99  7:56  Hatchery  
  99  7:57  Roach  
  99  7:58  Roach x2  
  101  8:00  Queen  
  101  8:03  Drone  
  101  8:04  Drone x2  
  106  8:05  Drone  
  106  8:10  Overlord  
  106  8:11  Extractor, Pneumatized Carapace  
  106  8:18  Drone  
  106  8:19  Drone  
  108  8:26  Queen  
  110  8:32  Roach x2, Spore Crawler  
  113  8:35  Spore Crawler  
  113  8:36  Drone x2  
  113  8:38  Drone  
  113  8:41  Drone  
  116  8:43  Drone  
  117  8:49  Drone  
  115  9:06  Baneling Nest  
  115  9:07  Zerg Melee Weapons Level 1, Zerg Ground Armor Level 2  
  114  9:16  Zergling x2  
  115  9:17  Zergling x26  
  115  9:19  Overlord x2  
  128  9:25  Queen  
  128  9:28  Drone x3  
  133  9:33  Drone x3  
  136  9:43  Overlord x3  
  136  9:44  Zergling x2  
  136  9:45  Zergling x6  
  140  9:50  Centrifugal Hooks  
  140  9:59  Hydralisk Den  
  139  10:01  Drone x14  
  134  10:17  Zergling x16  
  136  10:24  Zergling x4  
  136  10:25  Zergling x18  
  115  10:42  Hydralisk  
  101  10:43  Hydralisk x6  
  110  10:52  Zergling x12  
  110  10:53  Zergling x10  
  121  10:57  Baneling x8  
  121  10:58  Baneling x9  
  120  11:09  Zergling x8  
  98  11:28  Hatchery  
  98  11:29  Zerg Missile Weapons Level 2  
  98  11:30  Zerg Melee Weapons Level 2  
  97  11:39  Zergling x2  
  98  11:40  Zergling x40  
  118  11:48  Hatchery  
  118  11:52  Spore Crawler  
  116  12:02  Extractor  
  116  12:03  Queen  
  116  12:04  Queen x2  
  116  12:06  Queen  
  123  12:19  Zergling x4  
  123  12:20  Zergling x40  
  128  12:39  Zergling x2  
  128  12:42  Hydralisk x6  
  128  12:43  Hydralisk x7  
  151  12:54  Drone  
  151  12:55  Drone x2  
  151  12:56  Drone  
  155  12:59  Queen  
  159  13:11  Zergling x2  
  159  13:12  Zergling x32  
  149  13:16  Baneling x13  
  149  13:17  Baneling x4  
  149  13:18  Zergling x2  
  149  13:19  Zergling x10  
  155  13:28  Zergling x10  
  155  13:32  Zergling x2  
  155  13:33  Zergling x8  
  129  13:45  Zergling x10  
  129  13:46  Zergling x8  
  109  13:58  Zergling x12  
  109  13:59  Zergling x8  
  117  14:21  Zergling x4  
  117  14:22  Zergling x22, Hatchery  
  127  14:28  Muscular Augments, Infestation Pit  
  115  14:57  Zergling x6  
  115  14:58  Zergling x40  
  119  15:02  Extractor  
  119  15:03  Hatchery  
  119  15:04  Extractor  
  119  15:05  Hive  
  116  15:15  Drone x11  
  116  15:18  Baneling  
  116  15:19  Baneling x5  
  116  15:20  Baneling x2  
  116  15:21  Baneling  
  127  15:22  Baneling x2  
  127  15:27  Drone x3  
  130  15:30  Drone  
  130  15:31  Drone  
  130  15:32  Drone, Grooved Spines  
  130  15:34  Drone  
  133  16:01  Zergling x2  
  133  16:02  Zergling x2  
  133  16:08  Drone x3, Hatchery  
  133  16:09  Drone x11  
  146  16:15  Queen  
  148  16:31  Hydralisk x2  
  148  16:32  Hydralisk x4  
  160  16:36  Overlord x3  
  160  16:40  Adrenal Glands  
  160  16:45  Zerg Melee Weapons Level 3  
  160  16:50  Zerg Ground Armor Level 3  
  160  17:05  Drone x14  
  174  17:10  Spore Crawler  
  174  17:11  Spore Crawler  
  174  17:12  Spore Crawler  
  153  17:37  Zergling x2  
  153  17:38  Zergling x42  
  153  17:39  Zergling x10  
  180  17:51  Extractor, Queen  
  181  17:52  Hydralisk x2  
  181  17:53  Extractor  
  181  17:54  Overlord  
  181  17:55  Overlord x4  
  181  17:57  Baneling  
  181  17:58  Baneling x14  
  184  17:59  Baneling  
  184  18:12  Overlord x3  
  152  18:28  Zergling x32  
  152  18:29  Zergling x14  
  152  18:34  Zergling x6  
  177  18:45  Hydralisk  
  177  18:46  Hydralisk x6  
  191  18:49  Baneling x2  
  191  18:50  Baneling x23  
  151  19:15  Zergling x2  
  151  19:16  Zergling x30  
  151  19:17  Zergling x12  
  135  19:24  Zergling x2  
  135  19:25  Zergling x10  
  135  19:27  Hydralisk x3  
  135  19:28  Hydralisk  
  143  19:35  Baneling  
  143  19:36  Baneling x21  
  143  19:37  Baneling x13  
  143  19:39  Zergling x2  
  98  20:09  Zergling x24  
  98  20:10  Zergling x14  
  103  20:49  Queen  
  105  20:50  Hatchery, Queen  
  105  20:55  Zergling x8  
  109  20:58  Queen x2  
  113  21:09  Hatchery  
  96  21:31  Drone x4  
  99  21:35  Zergling x18  
  99  21:36  Zergling x20  
  118  21:45  Queen  
  120  21:56  Baneling  
  120  21:57  Baneling x17  
  120  21:58  Baneling  
Show
View Real Time Build Order
Export as new Build Order

CoaXeD Terran - Winner!

Build Orders: Reaper Expand, Hellion Banshee 

Get SALT Encoding   

  12  0:00  SCV  
  13  0:12  SCV  
  14  0:17  Supply Depot  
  14  0:24  SCV  
  15  0:39  Barracks  
  15  0:44  Refinery, SCV  
  16  0:56  SCV  
  17  1:08  SCV  
  18  1:20  SCV  
  19  1:39  Orbital Command, Reaper  
  20  1:42  Command Center  
  20  1:55  Supply Depot  
  20  1:57  Refinery  
  20  2:05  SCV  
  21  2:10  Marine  
  22  2:17  SCV  
  22  2:18  Factory  
  23  2:28  Barracks Reactor  
  23  2:29  SCV  
  23  2:48  SCV  
  23  2:49  Bunker  
  24  2:58  Orbital Command  
  24  3:05  Starport  
  24  3:16  Hellion x2  
  24  3:17  Barracks Tech Lab  
  24  3:19  SCV  
  28  3:39  Hellion  
  28  3:40  Hellion  
  33  3:43  Starport Tech Lab  
  33  3:45  Orbital Command  
  32  3:55  Barracks Tech Lab  
  32  3:58  Engineering Bay x2  
  32  4:02  Hellion x2  
  36  4:04  SCV  
  36  4:07  Banshee  
  40  4:12  SCV  
  41  4:17  Marine  
  41  4:18  Stimpack  
  41  4:21  SCV  
  43  4:24  SCV  
  43  4:30  Terran Infantry Weapons Level 1  
  44  4:32  Terran Infantry Armor Level 1  
  44  4:33  SCV  
  44  4:37  SCV  
  46  4:41  Supply Depot  
  46  4:43  Supply Depot  
  46  5:03  Hellion, SCV x2  
  46  5:06  Marine  
  51  5:07  Hellion  
  51  5:08  Banshee  
  56  5:15  SCV x2  
  56  5:16  Supply Depot  
  56  5:17  Supply Depot  
  58  5:24  Marine  
  58  5:27  SCV  
  60  5:40  SCV x2  
  62  5:47  Marauder  
  60  5:52  SCV x2  
  60  5:56  Barracks  
  62  5:58  Barracks  
  62  6:01  Barracks, Starport Reactor, Factory Tech Lab  
  62  6:04  Barracks x2  
  62  6:05  SCV  
  62  6:06  SCV  
  62  6:09  Armory  
  64  6:17  Marauder, Combat Shield  
  66  6:23  SCV x2  
  68  6:27  Refinery x2  
  68  6:35  SCV x2  
  63  6:55  SCV x2  
  63  6:56  Marine  
  63  6:57  Barracks Tech Lab x2, Barracks Reactor  
  63  6:59  Barracks Reactor  
  61  7:07  SCV x2  
  57  7:08  Concussive Shells  
  57  7:15  Marauder x2, Marine x2  
  62  7:16  Marauder, Supply Depot  
  62  7:18  Siege Tank, Medivac x2  
  72  7:27  Supply Depot  
  72  7:35  Terran Infantry Weapons Level 2  
  72  7:36  Marine x6  
  78  7:37  Marine x3  
  78  7:40  Barracks  
  78  7:42  Supply Depot  
  81  7:55  Missile Turret  
  81  7:57  Missile Turret  
  81  7:59  Supply Depot  
  81  8:00  Marine x9  
  81  8:02  Missile Turret  
  90  8:10  Supply Depot  
  90  8:16  Missile Turret, Siege Tank  
  90  8:17  Medivac x2  
  97  8:36  Marine x7  
  97  8:39  Command Center  
  104  8:43  Supply Depot  
  104  8:46  Supply Depot  
  104  8:52  Marine x2  
  104  8:54  Marine  
  100  9:03  Marine x2, SCV x2  
  100  9:04  Marine  
  100  9:08  Siege Tank  
  100  9:09  Medivac x2  
  112  9:10  Marauder  
  112  9:11  Marine  
  112  9:12  Marine  
  116  9:30  Supply Depot  
  116  9:31  Supply Depot, Sensor Tower  
  116  9:38  Sensor Tower  
  116  9:39  Marine x6  
  122  9:52  Orbital Command  
  122  9:53  SCV x2  
  124  10:05  SCV x2  
  116  10:17  Marine x9  
  116  10:18  Siege Tank, Medivac x2  
  123  10:34  Marine  
  123  10:35  Marine x3  
  126  10:39  Marine x5  
  129  10:48  Barracks Reactor  
  129  10:50  Siege Tank  
  129  10:52  Supply Depot, Marine x4  
  129  10:56  Factory  
  129  10:57  Marine  
  135  11:06  Marine x4  
  135  11:10  Marine x4  
  143  11:11  Refinery, SCV x2  
  143  11:12  Refinery, SCV  
  143  11:14  Marine  
  147  11:22  Siege Tank  
  147  11:24  Marine x2  
  127  11:27  Marine x4  
  127  11:28  Marine  
  130  11:35  SCV  
  131  11:42  Factory Tech Lab  
  131  11:50  Sensor Tower  
  131  11:51  Command Center  
  131  11:54  Siege Tank  
  131  11:55  Terran Infantry Armor Level 2  
  134  12:02  Marine  
  134  12:03  Marine x9  
  134  12:04  Marauder  
  146  12:13  Missile Turret  
  146  12:20  Marine x2  
  146  12:21  Marauder x2  
  152  12:25  Marauder  
  138  12:40  Marine x2  
  138  12:41  Marine x6  
  138  12:42  Marine  
  138  12:43  Marauder  
  149  12:46  Marine  
  149  12:47  Command Center  
  149  12:48  Terran Infantry Weapons Level 3  
  150  12:58  Marine x4  
  150  13:03  Marine  
  121  13:41  Marine  
  121  13:42  Marine x10  
  90  13:59  Marine x7  
  90  14:00  Marine x4  
  94  14:11  Orbital Command  
  93  14:17  Marine x11  
  93  14:20  SCV x3  
  107  14:27  Thor  
  113  14:32  SCV x2  
  113  14:35  Marine  
  113  14:36  Marauder x3  
  113  14:37  Orbital Command  
  120  14:53  Marine  
  120  14:54  Marine x5  
  120  14:55  Thor  
  120  14:57  Marauder x2  
  134  15:06  SCV  
  136  15:07  SCV  
  136  15:08  SCV x2  
  136  15:10  Thor  
  144  15:16  Command Center  
  144  15:18  Liberator  
  144  15:19  SCV x2  
  144  15:20  SCV  
  150  15:26  Marauder x2, Marine x5  
  159  15:34  Refinery  
  159  15:36  Refinery  
  159  15:50  Refinery  
  159  16:00  Marine  
  159  16:01  Marine x5  
  159  16:02  Marauder x3  
  165  16:07  Thor x2  
  177  16:14  SCV x3  
  180  16:23  Marauder  
  182  16:32  Missile Turret, Sensor Tower, Planetary Fortress  
  182  16:35  Missile Turret  
  182  16:43  Terran Infantry Armor Level 3  
  182  16:46  Command Center  
  182  16:47  Neosteel Armor  
  182  16:56  Marine x7  
  182  17:00  Medivac  
  191  17:02  Terran Vehicle Weapons Level 1  
  181  17:16  Missile Turret  
  181  17:17  Missile Turret  
  181  17:25  Marine x6  
  181  17:26  Marauder x3  
  182  17:55  Command Center  
  182  18:00  Refinery  
  182  18:05  Sensor Tower  
  182  18:08  Sensor Tower  
  181  18:30  Command Center  
  181  18:31  Command Center  
  181  18:37  Marine  
  181  18:38  Marauder x3  
  188  18:44  Supply Depot  
  186  19:07  Supply Depot  
  186  19:08  Command Center  
  186  19:09  Marauder x2, Marine x3  
  164  19:10  Marine  
  134  19:19  Thor  
  134  19:21  Marine  
  141  19:34  Marauder x2  
  141  19:35  Marauder, Marine x2  
  141  19:36  Marine  
  137  19:54  Marine x8  
  125  20:01  Marine x3  
  128  20:11  Marine  
  128  20:12  Marine x2  
  123  20:15  Thor x2  
  123  20:18  Planetary Fortress  
  133  20:34  Planetary Fortress x2  
  125  20:36  Refinery, SCV x2  
  127  20:59  Marine  
  127  21:03  Marine x10  
  132  21:17  Marine  
  132  21:20  Marine  
  132  21:21  Marine x9, SCV  
  141  21:35  Marine  
  141  21:37  SCV  
  141  21:38  Marine x3  
  141  21:39  Marine  
  147  21:41  Marine  
  147  21:42  Marauder  
Tags
 
Add a new tag
Caveats
  • Supply blocks, unpowered buildings, or Contaminate may cause inaccurate times.
  • Supply counts are checked every 10 seconds.